TOP OF THE 1ST |
Fresno Grizzlies batting - Pitching for Stockton Mariners : RHP David Cone
|
Pitching: RHP David Cone
|
|
Batting: RHB Mike Jirschele
|
0-0: Called Strike 0-1: Fly out, F8 (Flyball, 8LXD, EV 83.8 MPH)
|
Batting: LHB Roger Hill
|
0-0: Ball 1-0: Ball 2-0: Foul Ball, location: 2F 2-1: Ball 3-1: Called Strike 3-2: Foul Ball, location: 2F 3-2: Base on Balls
|
Batting: RHB Chris Fernandez
|
0-0: Ball Roger Hill steals 2nd base 1-0: Fly out, F7 (Flyball, 7LD, EV 93.1 MPH) Runner from 2nd tags up, SAFE at 3rd, no throw by LF
|
Batting: LHB Ron Oddo
|
0-0: Ball 1-0: Ball 2-0: Ball 3-0: Called Strike 3-1: Called Strike 3-2: Strikes out swinging, 2-3 out at first.
|
Top of the 1st over - 0 runs, 0 hits, 0 errors, 1 left on base; Fresno 0 - Stockton 0 |
BOTTOM OF THE 1ST |
Stockton Mariners batting - Pitching for Fresno Grizzlies : RHP Felipe Caban
|
Pitching: RHP Felipe Caban
|
|
Batting: LHB Ricky Nelson
|
0-0: Ball 1-0: SINGLE (Line Drive, 6MD, EV 103.8 MPH)
|
Batting: LHB David Lanning
|
0-0: Ball 1-0: Called Strike 1-1: Ball 2-1: Swinging Strike 2-2: Ground out 6-3 (Groundball, 6, EV 104.4 MPH) Ricky Nelson to second
|
Batting: SHB Eddie Tanner
|
0-0: Called Strike 0-1: Called Strike 0-2: Ground out U3 (Groundball, 3S, EV 78.8 MPH) Ricky Nelson to third
|
Batting: LHB David Cawthon
|
0-0: Ball 1-0: Ball 2-0: Ball 3-0: Base on Balls
|
Batting: RHB Orlando Mercado
|
0-0: Ball 1-0: Swinging Strike 1-1: Ball Wild Pitch! Ricky Nelson scores David Cawthon to second 2-1: Ground out 6-3 (Groundball, 6, EV 103.8 MPH)
|
Bottom of the 1st over - 1 run, 1 hit, 0 errors, 1 left on base; Fresno 0 - Stockton 1 |
TOP OF THE 2ND |
Fresno Grizzlies batting - Pitching for Stockton Mariners : RHP David Cone
|
Batting: RHB Tom Johnson
|
0-0: Called Strike 0-1: Foul Ball, location: 2F 0-2: Strikes out swinging
|
Batting: RHB Mike King
|
0-0: Foul Ball, location: 2F 0-1: Ball 1-1: Foul Ball, location: 2F 1-2: Strikes out looking
|
Batting: RHB Ivan Mesa
|
0-0: Ball 1-0: Ground out 6-3 (Groundball, 6, EV 83.1 MPH)
|
Top of the 2nd over - 0 runs, 0 hits, 0 errors, 0 left on base; Fresno 0 - Stockton 1 |
BOTTOM OF THE 2ND |
Stockton Mariners batting - Pitching for Fresno Grizzlies : RHP Felipe Caban
|
Batting: LHB Joe Perna
|
0-0: Ball 1-0: Ball 2-0: Ball 3-0: Called Strike 3-1: Base on Balls
|
Batting: RHB William Butler
|
0-0: Ball 1-0: Swinging Strike 1-1: Ball 2-1: Foul Ball, location: 2F 2-2: Ball 3-2: Foul Ball, location: 2F 3-2: Fly out, F7 (Flyball, 7, EV 81.9 MPH)
|
Batting: LHB Victor Gavidia
|
0-0: Fielders Choice at 2nd, 6-4 (Groundball, 6M, EV 91.9 MPH)
|
Batting: RHB Brian Greer
|
0-0: Ball 1-0: Called Strike 1-1: Called Strike 1-2: 2-RUN HOME RUN (Flyball, 7LD, EV 101.9 MPH), Distance : 355 ft
|
Batting: LHB Ricky Nelson
|
0-0: Called Strike 0-1: Ground out U3 (Groundball, 3, EV 96.9 MPH)
|
Bottom of the 2nd over - 2 runs, 1 hit, 0 errors, 0 left on base; Fresno 0 - Stockton 3 |
TOP OF THE 3RD |
Fresno Grizzlies batting - Pitching for Stockton Mariners : RHP David Cone
|
Batting: LHB Russ Aldrich
|
0-0: SINGLE (Flyball, 78S, EV 95.6 MPH)
|
Batting: RHB Billy Ireland
|
0-0: Ball 1-0: Foul Ball, location: 2F 1-1: Ball 2-1: Fly out, F9 (Flyball, 9, EV 88.1 MPH)
|
Batting: RHB Mike Jirschele
|
0-0: Called Strike 0-1: Swinging Strike 0-2: Ball 1-2: Ball 2-2: Strikes out swinging
|
Batting: LHB Roger Hill
|
0-0: Ball 1-0: Foul Ball, location: 2F 1-1: Reached on error, E6 (Groundball, 6, EV 90.0 MPH) Russ Aldrich to second
|
Batting: RHB Chris Fernandez
|
0-0: DOUBLE (Line Drive, 7LD, EV 107.5 MPH) Russ Aldrich scores Roger Hill to third Runner from 3rd tries for Home, SAFE, no throw by LF
|
Batting: LHB Ron Oddo
|
0-0: Ball 1-0: Ball 2-0: Ball 3-0: Called Strike 3-1: Base on Balls
|
Batting: RHB Tom Johnson
|
0-0: Ball 1-0: Foul Ball, location: 2F 1-1: Ball 2-1: Ball 3-1: Ground out U3 (Groundball, 3L, EV 94.4 MPH)
|
Top of the 3rd over - 2 runs, 2 hits, 1 error, 2 left on base; Fresno 2 - Stockton 3 |
BOTTOM OF THE 3RD |
Stockton Mariners batting - Pitching for Fresno Grizzlies : RHP Felipe Caban
|
Batting: LHB David Lanning
|
0-0: Called Strike 0-1: Swinging Strike 0-2: Ball 1-2: Ball 2-2: Ball 3-2: Single, Error in OF, E9, batter to second base (Groundball, 34D, EV 108.1 MPH)
|
Batting: SHB Eddie Tanner
|
0-0: Called Strike 0-1: Ball 1-1: Fly out, F7 (Flyball, 7, EV 85.6 MPH)
|
Batting: LHB David Cawthon
|
0-0: Ball 1-0: Ball 2-0: Swinging Strike 2-1: Called Strike 2-2: Strikes out swinging
|
Batting: RHB Orlando Mercado
|
0-0: Called Strike 0-1: Foul Ball, location: 2F 0-2: Foul Ball, location: 2F 0-2: Ball 1-2: Ball 2-2: Ball 3-2: Base on Balls
|
Batting: LHB Joe Perna
|
0-0: Ball 1-0: Foul Ball, location: 2F 1-1: Ball 2-1: Ball 3-1: Foul Ball, location: 2F 3-2: Fly out, F7 (Flyball, 78XD, EV 106.9 MPH)
|
Bottom of the 3rd over - 0 runs, 1 hit, 1 error, 2 left on base; Fresno 2 - Stockton 3 |
TOP OF THE 4TH |
Fresno Grizzlies batting - Pitching for Stockton Mariners : RHP David Cone
|
Batting: RHB Mike King
|
0-0: Ball 1-0: SOLO HOME RUN (Flyball, 7LD, EV 95.0 MPH), Distance : 363 ft
|
Batting: RHB Ivan Mesa
|
0-0: Swinging Strike 0-1: Ball 1-1: Ball 2-1: Ground out 5-3 (Groundball, 5, EV 79.4 MPH)
|
Batting: LHB Russ Aldrich
|
0-0: Ball 1-0: Called Strike 1-1: Swinging Strike 1-2: Ball 2-2: Ball 3-2: Base on Balls
|
Batting: RHB Billy Ireland
|
0-0: Ball 1-0: Ball 2-0: Ball 3-0: Called Strike 3-1: Grounds into double play, 4-6-3 (Groundball, 4, EV 80.6 MPH)
|
Top of the 4th over - 1 run, 1 hit, 0 errors, 0 left on base; Fresno 3 - Stockton 3 |
BOTTOM OF THE 4TH |
Stockton Mariners batting - Pitching for Fresno Grizzlies : RHP Felipe Caban
|
Batting: RHB William Butler
|
0-0: Ground out 6-3 (Groundball, 56D, EV 110.0 MPH)
|
Batting: LHB Victor Gavidia
|
0-0: Foul Ball, location: 2F 0-1: Fly out, F6 (Line Drive, 6, EV 63.8 MPH)
|
Batting: RHB Brian Greer
|
0-0: Ball 1-0: Ball 2-0: Called Strike 2-1: Ground out 4-3 (Groundball, 4M, EV 87.5 MPH)
|
Bottom of the 4th over - 0 runs, 0 hits, 0 errors, 0 left on base; Fresno 3 - Stockton 3 |
TOP OF THE 5TH |
Fresno Grizzlies batting - Pitching for Stockton Mariners : RHP David Cone
|
Batting: RHB Mike Jirschele
|
0-0: Called Strike 0-1: Swinging Strike 0-2: DOUBLE (Flyball, 89XD, EV 104.4 MPH)
|
Batting: LHB Roger Hill
|
0-0: Fly out, F7 (Flyball, 7D, EV 107.5 MPH)
|
Batting: RHB Chris Fernandez
|
0-0: Ball 1-0: Swinging Strike 1-1: Swinging Strike 1-2: Strikes out looking
|
Batting: LHB Ron Oddo
|
0-0: Ball 1-0: Ground out 6-3 (Groundball, 6, EV 83.8 MPH)
|
Top of the 5th over - 0 runs, 1 hit, 0 errors, 1 left on base; Fresno 3 - Stockton 3 |
BOTTOM OF THE 5TH |
Stockton Mariners batting - Pitching for Fresno Grizzlies : RHP Felipe Caban
|
Batting: LHB Ricky Nelson
|
0-0: Ground out 4-3 (Groundball, 4S, EV 71.9 MPH)
|
Batting: LHB David Lanning
|
0-0: Swinging Strike 0-1: Foul Ball, location: 2F 0-2: Ball 1-2: Ball 2-2: Ball 3-2: Foul Ball, location: 2F 3-2: Base on Balls
|
Batting: SHB Eddie Tanner
|
0-0: Called Strike 0-1: Ball 1-1: Ball 2-1: Ball 3-1: Base on Balls David Lanning to second
|
Batting: LHB David Cawthon
|
0-0: Called Strike 0-1: Foul Ball, location: 2F 0-2: Foul Ball, location: 2F 0-2: Foul Ball, location: 2F 0-2: Strikes out swinging
|
Batting: RHB Orlando Mercado
|
0-0: Called Strike 0-1: Called Strike 0-2: Ball 1-2: Ball 2-2: Foul Ball, location: 2F 2-2: Ball 3-2: Base on Balls David Lanning to third Eddie Tanner to second
|
Pitching: RHP James Coffman
|
|
Batting: LHB Joe Perna
|
0-0: SINGLE (Groundball, 4D, EV 101.9 MPH) David Lanning scores Eddie Tanner to third Orlando Mercado to second Runner from 3rd tries for Home, SAFE, throw by CF to home
|
Batting: RHB William Butler
|
0-0: Ball 1-0: Ball 2-0: Ball 3-0: Called Strike 3-1: Ground out 4-3 (Groundball, 4, EV 90.6 MPH)
|
Bottom of the 5th over - 2 runs, 1 hit, 0 errors, 2 left on base; Fresno 3 - Stockton 5 |
TOP OF THE 6TH |
Fresno Grizzlies batting - Pitching for Stockton Mariners : RHP David Cone
|
Batting: RHB Tom Johnson
|
0-0: Ball 1-0: Fly out, F8 (Flyball, 8LM, EV 87.5 MPH)
|
Batting: RHB Mike King
|
0-0: Ball 1-0: Ball 2-0: Ball 3-0: Swinging Strike 3-1: Swinging Strike 3-2: SINGLE (Groundball, 13S, EV 61.9 MPH) (infield hit)
|
Batting: RHB Ivan Mesa
|
0-0: Ball 1-0: Called Strike Mike King is caught stealing 2nd base 2-4 1-1: Fly out, F8 (Flyball, 78D, EV 100.6 MPH)
|
Top of the 6th over - 0 runs, 1 hit, 0 errors, 0 left on base; Fresno 3 - Stockton 5 |
BOTTOM OF THE 6TH |
Stockton Mariners batting - Pitching for Fresno Grizzlies : RHP James Coffman
|
Batting: LHB Victor Gavidia
|
0-0: SINGLE (Flyball, 9S, EV 98.1 MPH)
|
Batting: RHB Brian Greer
|
0-0: 2-RUN HOME RUN (Flyball, 7D, EV 98.8 MPH), Distance : 386 ft
|
Batting: LHB Ricky Nelson
|
0-0: Ball 1-0: Ball 2-0: Ball 3-0: Called Strike 3-1: Swinging Strike 3-2: Ground out 3-1 (Groundball, 34S, EV 90.6 MPH)
|
Batting: LHB David Lanning
|
0-0: Foul Ball, location: 2F 0-1: Ball 1-1: Ball 2-1: Ball 3-1: Fly out, F6 (Popup, 15, EV 83.1 MPH)
|
Batting: SHB Eddie Tanner
|
0-0: Swinging Strike 0-1: Swinging Strike 0-2: SINGLE (Line Drive, 78S, EV 98.8 MPH)
|
Batting: LHB David Cawthon
|
0-0: Swinging Strike 0-1: Called Strike 0-2: Fly out, F8 (Line Drive, 8RM, EV 92.5 MPH)
|
Bottom of the 6th over - 2 runs, 3 hits, 0 errors, 1 left on base; Fresno 3 - Stockton 7 |
TOP OF THE 7TH |
Fresno Grizzlies batting - Pitching for Stockton Mariners : RHP David Cone
|
Batting: LHB Russ Aldrich
|
0-0: Ball 1-0: Foul Ball, location: 2F 1-1: Ball 2-1: SINGLE (Line Drive, 9S, EV 106.3 MPH)
|
Batting: RHB Billy Ireland
|
0-0: Swinging Strike Russ Aldrich is caught stealing 2nd base 2-4 0-1: Ball 1-1: Ball 2-1: Foul Ball, location: 2F 2-2: Ball 3-2: DOUBLE (Line Drive, 89D, EV 103.1 MPH)
|
Batting: RHB Mike Jirschele
|
0-0: Ball 1-0: Swinging Strike 1-1: Foul Ball, location: 2F 1-2: Ball 2-2: Ball 3-2: Base on Balls
|
Batting: LHB Roger Hill
|
0-0: Called Strike 0-1: Ball 1-1: Fielders Choice at 2nd, 3-6 (Groundball, 34S, EV 86.3 MPH) Billy Ireland to third
|
Batting: RHB Chris Fernandez
|
0-0: Foul Ball, location: 2F 0-1: Ball 1-1: Ball 2-1: Called Strike 2-2: SINGLE (Groundball, 56S, EV 70.0 MPH) (infield hit) Billy Ireland scores Roger Hill to second
|
Batting: LHB Ron Oddo
|
0-0: Ball 1-0: Ball 2-0: Ball 3-0: Base on Balls Roger Hill to third Chris Fernandez to second
|
Pinch Hitting: LHB William Metil
|
0-0: Fly out, F8 (Line Drive, 8LM, EV 91.9 MPH)
|
Top of the 7th over - 1 run, 3 hits, 0 errors, 3 left on base; Fresno 4 - Stockton 7 |
BOTTOM OF THE 7TH |
Stockton Mariners batting - Pitching for Fresno Grizzlies : RHP James Coffman
|
Now in LF: Manuel McDonald
|
|
Batting: RHB Orlando Mercado
|
0-0: TRIPLE (Line Drive, 89XD, EV 108.1 MPH)
|
Batting: LHB Joe Perna
|
0-0: Intentional Walk
|
Batting: RHB William Butler
|
0-0: Called Strike 0-1: Foul Ball, location: 2F 0-2: Ball 1-2: Strikes out swinging
|
Pitching: LHP Steven King
|
|
Batting: LHB Victor Gavidia
|
0-0: Called Strike 0-1: Ball 1-1: SINGLE (Groundball, 6S, EV 74.4 MPH) (infield hit) Orlando Mercado scores Joe Perna to second
|
Batting: RHB Brian Greer
|
0-0: Ball 1-0: Ball 2-0: Ball 3-0: Base on Balls Joe Perna to third Victor Gavidia to second
|
Batting: LHB Ricky Nelson
|
0-0: Called Strike 0-1: Ball 1-1: Ball 2-1: Called Strike 2-2: Fly out, F9 (Flyball, 9, EV 75.0 MPH)
|
Batting: LHB David Lanning
|
0-0: Reached on error, E4 (Groundball, 4, EV 86.3 MPH) Joe Perna scores Victor Gavidia to third Brian Greer to second
|
Batting: SHB Eddie Tanner
|
0-0: Swinging Strike 0-1: Hit by Pitch Victor Gavidia scores Brian Greer to third David Lanning to second
|
Batting: LHB David Cawthon
|
0-0: GRAND SLAM HOME RUN (Flyball, 9D, EV 95.0 MPH), Distance : 386 ft
|
Pitching: RHP Larry Wright
|
|
Batting: RHB Orlando Mercado
|
0-0: Ball 1-0: Called Strike 1-1: Ball 2-1: Foul Ball, location: 2F 2-2: Ball 3-2: SINGLE (Groundball, 56D, EV 105.6 MPH)
|
Batting: LHB Joe Perna
|
0-0: Ball 1-0: Foul Ball, location: 2F 1-1: Called Strike 1-2: Ball 2-2: Foul Ball, location: 2F 2-2: Ball 3-2: Foul Ball, location: 2F 3-2: Base on Balls Orlando Mercado to second
|
Batting: RHB William Butler
|
0-0: Ball 1-0: Foul Ball, location: 2F 1-1: Ball 2-1: Foul Ball, location: 2F 2-2: Reached on error, E5 (Groundball, 56, EV 75.6 MPH) Orlando Mercado to third Joe Perna to second
|
Batting: LHB Victor Gavidia
|
0-0: Called Strike 0-1: Swinging Strike 0-2: Strikes out swinging
|
Bottom of the 7th over - 7 runs, 4 hits, 2 errors, 3 left on base; Fresno 4 - Stockton 14 |
TOP OF THE 8TH |
Fresno Grizzlies batting - Pitching for Stockton Mariners : RHP David Cone
|
Batting: RHB Mike King
|
0-0: Called Strike 0-1: Fly out, F8 (Flyball, 8RD, EV 100.6 MPH)
|
Batting: RHB Ivan Mesa
|
0-0: Ground out 1-3 (Groundball, 34S, EV 71.9 MPH)
|
Batting: LHB Russ Aldrich
|
0-0: DOUBLE (Flyball, 7LD, EV 95.6 MPH)
|
Batting: RHB Billy Ireland
|
0-0: Ball 1-0: Fly out, F7 (Flyball, 7LS, EV 81.9 MPH)
|
Top of the 8th over - 0 runs, 1 hit, 0 errors, 1 left on base; Fresno 4 - Stockton 14 |
BOTTOM OF THE 8TH |
Stockton Mariners batting - Pitching for Fresno Grizzlies : RHP Larry Wright
|
Batting: RHB Brian Greer
|
0-0: Ball 1-0: Ground out 4-3 (Groundball, 4M, EV 80.6 MPH)
|
Batting: LHB Ricky Nelson
|
0-0: Called Strike 0-1: Ground out 3-1 (Groundball, 13, EV 81.9 MPH)
|
Batting: LHB David Lanning
|
0-0: Fly out, F9 (Line Drive, 9, EV 95.0 MPH)
|
Bottom of the 8th over - 0 runs, 0 hits, 0 errors, 0 left on base; Fresno 4 - Stockton 14 |
TOP OF THE 9TH |
Fresno Grizzlies batting - Pitching for Stockton Mariners : RHP David Cone
|
Pinch Hitting: SHB Jeffery Gossett
|
0-0: Ground out 4-3 (Groundball, 4, EV 83.1 MPH)
|
Batting: LHB Roger Hill
|
0-0: Ball 1-0: SINGLE (Groundball, 4S, EV 71.9 MPH) (infield hit)
|
Pinch Hitting: LHB Bryon Horn
|
0-0: Swinging Strike 0-1: Ball Passed Ball! Roger Hill to second 1-1: TRIPLE (Flyball, 89XD, EV 110.6 MPH) Roger Hill scores
|
Batting: LHB Ron Oddo
|
0-0: Called Strike 0-1: Ball 1-1: Foul Ball, location: 2F 1-2: Ball 2-2: Ground out 4-3 (Groundball, 4D, EV 109.4 MPH) Bryon Horn scores
|
Batting: RHB Manuel McDonald
|
0-0: Called Strike 0-1: Ball 1-1: Foul Ball, location: 2F 1-2: Foul Ball, location: 2F 1-2: Ball 2-2: Ball 3-2: Base on Balls
|
Pitching: RHP Dean Martinez
|
|
Batting: RHB Mike King
|
0-0: Called Strike 0-1: Ball 1-1: Ground out U3 (Groundball, 13, EV 85.0 MPH)
|
Top of the 9th over - 2 runs, 2 hits, 0 errors, 1 left on base; Fresno 6 - Stockton 14 |
|